 Dungeon Crawl Stone Soup version 0.26-a0-663-g36e8fdb655 (webtiles) character file.

Game seed: 2299174304341961114

2847 elmdor the Spear-Bearer (level 9, -11/61 HPs)
             Began as a Merfolk Hedge Wizard on Oct 11, 2020.
             Was a Follower of Ashenzari.
             Mangled by a polar bear (15 damage)
             ... on level 8 of the Dungeon.
             The game lasted 00:34:17 (10281 turns).

elmdor the Spear-Bearer (Merfolk Hedge Wizard)     Turns: 10281, Time: 00:34:18

Health: -11/61     AC: 12    Str: 13    XL:     9   Next: 74%
Magic:  5/14       EV: 14    Int: 22    God:    Ashenzari [*.....]
Gold:   283        SH:  0    Dex: 20    Spells: 3/14 levels left

rFire    . . .     SeeInvis .   v - +1 trident (protect) (curse)
rCold    . . .     Faith    +   (no shield)
rNeg     . . .     Spirit   .   y - +3 ring mail "Zofixum" {Int+3} (curse)
rPois    .         Reflect  .   c - +0 hat (curse)
rElec    .         Harm     .   j - +0 cloak (curse)
rCorr    .         Rampage  .   (no gloves)
MR       .....                  o - +0 pair of boots (curse)
Stlth    ++........             t - amulet of faith (curse)
HPRegen  0.20/turn              k - +6 ring of intelligence (curse)
MPRegen  0.14/turn              A - +6 ring of dexterity (curse)

@: no status effects
A: change form in water, swift swim, stealthy swim
a: Curse Item, Scrying, Renounce Religion


You were on level 8 of the Dungeon.
You worshipped Ashenzari.
Ashenzari was aware of your devotion.
You visited 2 branches of the dungeon, and saw 9 of its levels.

You collected 283 gold pieces.

Inventory:

Hand Weapons
 f - a +0 dagger of venom
 r - a +0 hunting sling
 v - a cursed +1 trident of protection (weapon)
Missiles
 h - 251 stones
 s - 52 sling bullets
 x - 7 boomerangs (quivered)
 H - 14 poisoned darts
Armour
 b - a +0 robe
 c - a cursed +0 hat (worn)
 j - a cursed +0 cloak (worn)
 o - a cursed +0 pair of boots (worn)
 y - the cursed +3 ring mail "Zofixum" (worn) {Int+3}
   (You found it on level 5 of the Dungeon)

   It affects your intelligence (+3).
   It has a curse placed upon it.
Jewellery
 k - a cursed +6 ring of intelligence (left hand)
 t - a cursed amulet of faith (around neck)
 A - a cursed +6 ring of dexterity (right hand)
Wands
 E - a wand of iceblast (7)
Scrolls
 a - 6 scrolls of identify
 d - a scroll of immolation {unknown}
 e - a scroll of remove curse
 i - 2 scrolls of fog {unknown}
 n - 3 scrolls of enchant weapon {unknown}
 p - 3 scrolls of teleportation {unknown}
 q - 2 scrolls of blinking {unknown}
 B - a scroll of noise {unknown}
 D - a scroll of enchant armour {unknown}
 G - a scroll of brand weapon {unknown}
Potions
 g - 3 potions of curing
 l - 2 potions of magic {unknown}
 m - a potion of mutation {unknown}
 u - 2 potions of brilliance {unknown}
 w - a potion of invisibility
 z - a potion of stabbing {unknown}
 C - a potion of might
 F - 2 potions of degeneration {unknown}


   Skills:
 + Level 1.9 Fighting
 - Level 2.9 Short Blades
 + Level 8.7 Polearms
 + Level 7.2 Armour
 - Level 4.7 Dodging
 - Level 2.1 Stealth
 + Level 3.4 Spellcasting
 + Level 1.3 Conjurations
 + Level 3.1 Summonings
 + Level 1.3 Translocations
 + Level 0.9 Fire Magic


You had 3 spell levels left.
You knew the following spells:

 Your Spells              Type           Power        Failure   Level
a - Magic Dart            Conj           #...         13%         1
b - Call Imp              Summ           ###.....     10%         2
c - Blink                 Tloc           N/A          21%         2
d - Conjure Flame         Conj/Fire      #.......     38%         3
e - Mephitic Cloud        Conj/Pois/Air  #.......     50%         3

Your spell library contained the following spells:

 Spells                   Type           Power        Failure   Level
 Foxfire                  Conj/Fire      #...         14%         1
 Slow                     Hex            #.......     34%         2
 Inner Flame              Hex/Fire       #.......     50%         3
 Sticky Flame             Conj/Fire      #.......     80%         4
 Fireball                 Conj/Fire      #.........   98%         5


Dungeon Overview and Level Annotations

Branches:
Dungeon (8/15)             Temple (1/1) D:6
   Lair: D:8-11

Altars:
Ashenzari
Cheibriados
Dithmenos
Fedhas
Gozag
Hepliaklqana
Kikubaaqudgha
Makhleb
Nemelex Xobeh
Okawaru
Qazlal
Sif Muna
Trog
Vehumet
Wu Jian
Yredelemnul
Zin
The Shining One

Shops:
D:5 =


Message History

The polar bear barely misses you.
The polar bear claws you but does no damage.
The polar bear is engulfed in blazing flames.
The polar bear goes berserk!
The polar bear is engulfed in blazing flames.
Your crimson imp hits the polar bear but does no damage.
The polar bear misses your crimson imp.
The polar bear claws your crimson imp but does no damage. x2
Casting: Magic Dart (safe; 13% risk of failure)
Confirm with . or Enter, or press ? or * to list all spells.
Aiming: Magic Dart (safe; 13% risk of failure)
Press: ? - help, Shift-Dir - straight line, f - polar bear
Aim: a polar bear (almost dead, berserk)
The magic dart hits the polar bear.
The polar bear is almost dead.
Your crimson imp hits the polar bear but does no damage.
Unknown command.
Your crimson imp hits the polar bear but does no damage.
The polar bear bites you!
You die...

###......... .
...........
.###....$....
..##.<.......
#.##.........
#.##.........
#.##.........
#.##.......≈. ..##
#@#..))≈≈≈≈≈.
#....##h..#)..≈≈≈≈≈
### #..5S).....≈≈≈≈≈
..###
####......≈≈≈≈≈≈ ...#
####.☼##...≈≈≈≈.
#.###.....##........
##...S...............
#....####.#.#####..##
########.#### #.#.#
.##


You could see a polar bear (berserk), an adder and a friendly crimson imp
(summoned).

Vanquished Creatures
  2 ice beasts (D:6)
  2 phantoms
  A hornet zombie (D:5)
  A black bear (D:7)
  2 ogres
  A wolf (D:7)
  A sky beast (D:7)
  A centaur (D:7)
  3 bullfrogs
  3 scorpions
  2 howler monkeys
  2 bullfrog zombies
  3 orc wizards
  An orc priest (D:4)
  An iguana (D:7)
  6 worker ants
  4 adders
  A river rat (D:6)
  3 white imps
  3 ufetubi
  An adder zombie (D:5)
  3 adder skeletons
  4 worms
  3 dart slugs
  5 leopard geckos
  32 orcs
  8 ball pythons
  6 giant cockroaches
  9 goblins
  4 hobgoblins
  4 jackals
  10 kobolds
  A quokka (D:3)
  5 bats
  A frilled lizard (D:3)
  A jackal zombie (D:6)
  A leopard gecko zombie (D:4)
  A quokka skeleton (D:8)
  6 rats
148 creatures vanquished.

Vanquished Creatures (collateral kills)
  Pikel (D:7)
  Grinder (D:5)
  A yak (D:7)
  3 ogres
  2 bullfrogs
  A scorpion (D:7)
  4 orc priests
  3 orc wizards
  A jelly (D:7)
  4 adders
  A worm (D:2)
  A leopard gecko (D:6)
  11 orcs
  4 giant cockroaches
  2 hobgoblins
  3 jackals (D:1)
  A ball python (D:3)
  2 frilled lizards
  2 kobolds
48 creatures vanquished.

Vanquished Creatures (others)
  An ufetubus (D:8)
  4 plants (D:3)
5 creatures vanquished.

Grand Total: 201 creatures vanquished

Notes
Turn   | Place    | Note
-------+----------+-------------------------------------------
     0 | D:1      | elmdor the Merfolk Hedge Wizard began the quest for the
                  | Orb.
     0 | D:1      | Reached XP level 1. HP: 13/13 MP: 4/4
   130 | D:1      | Reached XP level 2. HP: 13/20 MP: 6/6
   247 | D:1      | Learned a level 2 spell: Call Imp
   822 | D:1      | Reached skill level 1 in Short Blades
   822 | D:1      | Reached XP level 3. HP: 23/25 MP: 4/7
  1334 | D:2      | Noticed a bullfrog
  1605 | D:2      | HP: 1/25 [bullfrog (6)]
  1609 | D:2      | Killed a bullfrog
  1609 | D:2      | Reached XP level 4. HP: 1/31 MP: 1/8
  2898 | D:3      | Reached XP level 5. HP: 35/36 MP: 9/9
  3590 | D:3      | Reached skill level 1 in Polearms
  3848 | D:3      | Reached skill level 2 in Polearms
  3968 | D:3      | Found a burning altar of Makhleb.
  4068 | D:4      | Reached skill level 3 in Polearms
  4102 | D:4      | Reached skill level 4 in Polearms
  4102 | D:4      | Reached XP level 6. HP: 32/42 MP: 6/10
  4406 | D:4      | Reached skill level 5 in Polearms
  4440 | D:4      | Reached skill level 6 in Polearms
  4909 | D:4      | Reached XP level 7. HP: 47/47 MP: 11/11
  5058 | D:4      | Reached skill level 7 in Polearms
  5505 | D:4      | Reached skill level 8 in Polearms
  5546 | D:4      | Learned a level 2 spell: Blink
  5550 | D:4      | Learned a level 3 spell: Conjure Flame
  5554 | D:4      | Learned a level 3 spell: Mephitic Cloud
  5693 | D:5      | Entered Level 5 of the Dungeon
  5739 | D:5      | Reached skill level 1 in Fighting
  5905 | D:5      | Reached skill level 1 in Conjurations
  5905 | D:5      | Reached skill level 1 in Translocations
  6044 | D:5      | Noticed Grinder
  6063 | D:5      | Got a blackened ring mail
  6091 | D:5      | Identified the +3 ring mail "Zofixum" {Int+3} (You found it
                  | on level 5 of the Dungeon)
  6222 | D:5      | Found Evutwahie's Jewellery Shop.
  6316 | D:5      | Reached XP level 8. HP: 54/54 MP: 4/13
  6380 | D:5      | Killed Grinder
  6380 | D:5      | Reached skill level 1 in Armour
  7162 | D:6      | Found a staircase to the Ecumenical Temple.
  7171 | Temple   | Entered the Ecumenical Temple
  7182 | Temple   | Became a worshipper of Ashenzari the Shackled
  8316 | D:7      | Reached skill level 5 in Armour
  8332 | D:7      | Reached XP level 9. HP: 56/60 MP: 11/14
  8507 | D:7      | Reached * piety under Ashenzari
  8794 | D:7      | Noticed Pikel
  8817 | D:7      | Killed Pikel
  8924 | D:7      | Found an ornate altar of the Wu Jian Council.
 10129 | D:8      | Found a blossoming altar of Fedhas.
 10266 | D:8      | Noticed a polar bear
 10277 | D:8      | HP: 3/61 [polar bear (12)]
 10281 | D:8      | Mangled by a polar bear

Illustrated notes

Levels and vault maps discovered:
D:1:      dpeg_arrival_line_fractal, layout_loops_ring, serial_glass,
          glass_columns_a, glass_columns_a, minmay_pentomino_x2
D:2:      layout_basic
D:3:      layout_rooms, lemuel_crystal_altar, minmay_shallow_snake_nest
D:4:      layout_basic
D:5:      layout_loops_ring, serial_shops, shop, chequers_serial_rivers_micro_a,
          uniq_grinder
D:6:      layout_loops_ring, lemuel_temple_firewalk_a, gup_sewer_entry_bubbles
D:7:      layout_loops_cross, kennysheep_mini, minmay_tree_intersection,
          uniq_pikel
D:8:      layout_rooms, eat_drink_and_be_merry_uskayaw, serial_ice,
          serial_ice_f, serial_ice_b, serial_ice_g, serial_ice_k, fedhas_altar_1
Temple:   eino_temple_scatter_basement

Skill      XL: |  1  2  3  4  5  6  7  8  9 |
---------------+----------------------------+-----
Dodging        | 3 4 |  4.7
Short Blades   | 1 2 |  2.9
Summonings     | 2 3 |  3.1
Polearms       | 4 6 8 |  8.7
Fighting       | 1 |  1.9
Conjurations   | 1 |  1.3
Translocations | 1 |  1.3
Armour         | 5 7 |  7.2
Stealth        | |  2.1
Spellcasting   | |  3.4
Fire Magic     | |  0.9

Action                   |  1- 3 |  4- 6 |  7- 9 || total
-------------------------+-------+-------+-------++-------
Melee: Short sword       |    29 |       |       ||    29
       Dagger            |    43 |    74 |       ||   117
       Trident           |       |   103 |   404 ||   507
       Tailslap          |       |       |     2 ||     2
 Fire: Hunting sling     |       |     2 |     6 ||     8
Throw: Stone             |       |     1 |       ||     1
       Boomerang         |       |     1 |     4 ||     5
 Cast: Magic Dart        |     9 |    16 |    10 ||    35
       Call Imp          |    10 |    42 |    65 ||   117
       Blink             |       |       |     1 ||     1
       Conjure Flame     |       |       |     1 ||     1
Invok: Curse Item        |       |       |     8 ||     8
Evoke: Wand              |       |       |     1 ||     1
  Use: Potion            |       |     4 |     1 ||     5
       Scroll            |       |       |     2 ||     2
 Stab: Sleeping          |     4 |     4 |     7 ||    15
       Distracted        |       |     6 |     6 ||    12
Armor: Robe              |    18 |    39 |    12 ||    69
       Ring mail         |       |       |   114 ||   114
Dodge: Dodged            |    75 |   117 |   192 ||   384

Table legend: (Time is in decaauts)
 A = Elapsed time spent in this place.
 B = Non-inter-level travel time spent in this place.
 C = Inter-level travel time spent in this place.
 D = Time resting spent in this place.
 E = Time spent auto-exploring this place.
 F = Levels seen in this place.
 G = Mean time per level.
                   A        B        C        D        E       F      G
               +--------+--------+--------+--------+--------+-----+--------+
         Total |  10222 |   9739 |    483 |   3571 |   3659 |   9 | 1135.8 |
       Dungeon |  10035 |   9565 |    470 |   3571 |   3505 |   8 | 1254.4 |
        Temple |    186 |    173 |     13 |      0 |    154 |   1 |  186.0 |
               +--------+--------+--------+--------+--------+-----+--------+

Top non-repeatable levels by time:
     D:7: 1911 daAuts
     D:1: 1678 daAuts
     D:3: 1400 daAuts
     D:4: 1330 daAuts
     D:2: 1289 daAuts
     D:5: 1273 daAuts
     D:6: 986 daAuts
  Temple: 186 daAuts
     D:8: 166 daAuts
